 Dungeon Crawl Stone Soup version 0.31.0-32-g396128a36d (webtiles) character file.

Game seed: 18111153469626573944

289 Peloso the Covered (level 6, -4/56 HPs)
             Began as a Minotaur Fighter on Apr 16, 2024.
             Was an Initiate of Okawaru.
             Slain by Edmund
             ... wielding a +3 dire flail of holy wrath
              (10 damage)
             ... on level 4 of the Dungeon.
             The game lasted 00:04:43 (3187 turns).

Peloso the Covered (Minotaur Fighter)               Turns: 3187, Time: 00:04:45

Health: -4/56      AC:  7    Str: 20    XL:     6   Next: 9%
Magic:  5/5        EV: 15    Int:  5    God:    Okawaru [......]
Gold:   50         SH:  5    Dex: 12    Spells: 5/5 levels left

rFire   . . .        a - +0 long sword
rCold   . . .        c - +0 buckler
rNeg    . . .        b - +0 scale mail
rPois   .            (helmet restricted)
rElec   .            (no cloak)
rCorr   +            (no gloves)
SInv    .            (no boots)
Will    .....        (no amulet) Stlth
                     q - +5 ring of evasion
HPRegen 0.29/turn    e - ring of resist corrosion
MPRegen 0.09/turn

%: no passive effects
@: no status effects
A: horns 2, retaliatory headbutt
a: Renounce Religion


You were on level 4 of the Dungeon.
You worshipped Okawaru.
Okawaru was noncommittal.
You visited 1 branch of the dungeon, and saw 4 of its levels.

You collected 72 gold pieces.
You spent 22 gold pieces at shops.

Inventory:

Hand Weapons
 a - a +0 long sword (weapon)
Armour
 b - a +0 scale mail (worn)
 c - a +0 buckler (worn)
Jewellery
 e - a ring of resist corrosion (right hand)
 l - a ring of ice
 q - a +5 ring of evasion (left hand)
 u - a +6 ring of dexterity
Talismans
 r - a talisman of death
Wands
 s - a wand of paralysis (15)
Scrolls
 f - a scroll of enchant weapon {unknown}
 g - a scroll of vulnerability {unknown}
 h - 2 scrolls of immolation
 n - a scroll of fog
 p - 2 scrolls of revelation {unknown}
 t - a scroll of identify
Potions
 d - a potion of might
 i - 2 potions of brilliance
 j - 3 potions of heal wounds
 k - a potion of mutation
 m - a potion of attraction {unknown}
 o - 2 potions of curing {unknown}
 v - a potion of ambrosia {unknown}


   Skills:
 + Level 5.0 Fighting
 + Level 4.3 Long Blades
 + Level 5.3 Armour
 + Level 1.8 Dodging
 + Level 0.2 Stealth
 + Level 4.4 Shields


You had 5 spell levels left.
You didn't know any spells.
Your spell library contained the following spells:

 Spells                   Type           Power      Damage    Failure   Level
 Scorch                   Fire           0%         2d5       95%         2
 Sigil of Binding         Hex            0%         N/A       99%         3
 Dimensional Bullseye     Hex/Tloc       0%         N/A       100%        4
 Flame Wave               Conj/Fire      0%         2d4       100%        4
 Call Canine Familiar     Summ           Unusable   N/A       N/A         3
 Summon Cactus Giant      Summ           Unusable   N/A       N/A         6

Dungeon Overview and Level Annotations

Branches:
Dungeon (4/15)
 Temple: D:4-7

Altars:
Okawaru

Shops:
D:1 *([

Annotations:
D:4 Edmund


Innate Abilities, Weirdness & Mutations

You have a pair of horns on your head.
You reflexively headbutt those who attack you in melee.


Message History

You block Edmund's attack.
You completely miss Edmund.
Edmund is lightly wounded.
Edmund barely misses you. You furiously retaliate!
You headbutt Edmund! You hit Edmund but do no damage.
Edmund is moderately wounded.
Edmund misses you. You furiously retaliate!
You headbutt Edmund. You barely miss Edmund.
Edmund is moderately wounded.
Edmund hits you with a +3 dire flail of holy wrath!
You block Edmund's attack.
You hit Edmund but do no damage. You headbutt Edmund, but do no damage.
Edmund is moderately wounded.
You block Edmund's attack.
You closely miss Edmund. You headbutt Edmund!
Edmund is heavily wounded.
Edmund hits you with a +3 dire flail of holy wrath!
You hit Edmund but do no damage. You headbutt Edmund, but do no damage.
Edmund is heavily wounded.
You block Edmund's attack.
Edmund clears his throat.
Edmund closely misses you.
You hit Edmund.
Edmund is severely wounded.
Edmund says, "People think my brother is the best.
I think he's crazy."
Edmund hits you with a +3 dire flail of holy wrath.
You hit Edmund but do no damage. You headbutt Edmund.
Edmund is severely wounded.
Edmund hits you with a +3 dire flail of holy wrath.
You hit Edmund but do no damage. You headbutt Edmund.
Edmund is severely wounded.
Edmund hits you with a +3 dire flail of holy wrath!
* * * LOW HITPOINT WARNING * * *
You hit Edmund but do no damage.
Edmund is severely wounded.
Edmund hits you with a +3 dire flail of holy wrath.
* * * LOW HITPOINT WARNING * * *
Edmund hits you with a +3 dire flail of holy wrath!
You die...
Edmund says, "I'd like to see a scythe do that!"

...... ## ########## ..
#......... #. #.####.###
#. #.#.. #. #.#.# #.
#.#..
######@#############.###
.......@................
......###.##############
..... #.# # .... #># ...
#.# .. #.. . #.. ...
...#


You could see Edmund.

Vanquished Creatures
  A phantom (D:4)
  Ijyb (D:3)
  An iguana (D:4)
  2 orc wizards (D:3)
  4 gnolls
  An adder (D:3)
  A ribbon worm (D:2)
  2 dart slugs (D:1)
  2 orcs (D:3)
  3 ball pythons
  3 bats
  3 endoplasms (D:1)
  2 giant cockroaches
  6 hobgoblins
  6 kobolds
  3 quokkas
  3 frilled lizards
  13 goblins
  6 rats
63 creatures vanquished.

Notes
Turn   | Place    | Note
-------+----------+-------------------------------------------
     0 | D:1      | Peloso the Minotaur Fighter began the quest for the Orb.
     0 | D:1      | Reached XP level 1. HP: 19/19 MP: 0/0
   167 | D:1      | Reached XP level 2. HP: 22/27 MP: 1/1
   209 | D:1      | Found Railoomo's Assorted Antiques.
   236 | D:1      | Bought a scroll labelled KOAZIO SEYMIE for 22 gold pieces
   256 | D:1      | Found Quisucw's Antique Armour Emporium.
   457 | D:1      | Found Huir's Weapon Shoppe.
   729 | D:1      | Reached XP level 3. HP: 33/33 MP: 2/2
  1466 | D:2      | Reached XP level 4. HP: 38/40 MP: 3/3
  1741 | D:2      | Identified the +7 dagger "Dragonslayer" {protect, Str+3}
  2175 | D:3      | Noticed Ijyb
  2177 | D:3      | Paralysed by Ijyb for 5 turns
  2186 | D:3      | Paralysed by Ijyb for 5 turns
  2193 | D:3      | Killed Ijyb
  2295 | D:3      | Reached skill level 1 in Dodging
  2405 | D:3      | Reached XP level 5. HP: 46/47 MP: 4/4
  2430 | D:3      | Reached skill level 5 in Armour
  2593 | D:3      | Found an iron altar of Okawaru.
  2767 | D:3      | Became a worshipper of Warmaster Okawaru
  2887 | D:4      | Noticed a phantom
  2904 | D:4      | Killed a phantom
  2905 | D:4      | Reached skill level 5 in Fighting
  2910 | D:4      | Reached XP level 6. HP: 16/56 MP: 5/5
  3174 | D:4      | Noticed Edmund
  3187 | D:4      | Slain by Edmund

Illustrated notes

Levels and vault maps discovered:
D:1:      eino_arrival_tree_alley, layout_basic, serial_shops, shop, shop,
          nicolae_shop_bloodbath_and_beyond
D:2:      layout_rooms
D:3:      layout_loops_ring, mainiacjoe_overflow_tiny_flanked, uniq_ijyb
D:4:      layout_cave_pods, roderic_lattice_a, uniq_edmund

Skill      XL: |  1  2  3  4  5 |
---------------+----------------+-----
Fighting       | 4 5 |  5.0
Shields        | 4 |  4.4
Armour         | 4 5 |  5.3
Long Blades    | 3 4 |  4.3
Dodging        | 1 |  1.8
Stealth        | |  0.2

Action                     |  1- 3 |  4- 6 || total
---------------------------+-------+-------++-------
  Melee: Long sword        |    80 |   123 ||   203
         Headbutt          |     9 |    17 ||    26
    Use: Scroll            |     4 |     3 ||     7
 Armour: Scale mail        |    98 |   111 ||   209
  Dodge: Dodged            |    42 |    77 ||   119
  Block: Buckler           |    29 |    28 ||    57
